 Dungeon Crawl Stone Soup version 0.30-a0-715-gdb4ae3ece1 (webtiles) character file.

Game seed: 18121168419686292861

204 Citaku the Grasshopper (level 5, -10/45 HPs)
             Began as a Naga Warper on Jan 23, 2023.
             Blown up by Ijyb (17 damage)
             ... with a mindburst bolt
             ... on level 4 of the Dungeon.
             The game lasted 00:14:28 (3069 turns).

Citaku the Grasshopper (Naga Warper)                Turns: 3069, Time: 00:14:28

Health: -10/45     AC: 15    Str: 14    XL:     5   Next: 82%
Magic:  20/20      EV:  1    Int: 15    God:
Gold:   104        SH:  3    Dex: 10    Spells: 10/12 levels left

rFire   . . .      SeeInvis +    r - +2 dagger (protect)
rCold   . . .      Faith    .    a - +0 buckler
rNeg    . . .      Spirit   .    b - +0 plate armour
rPois   +          Reflect  .    (no helmet)
rElec   .          Harm     .    (no cloak)
rCorr   .          Rampage  .    f - +0 pair of gloves
Will    +....                    (no barding) Stlth
                                 (no amulet)
HPRegen 0.27/turn                j - ring of magical power
MPRegen 0.17/turn                p - ring of willpower

@: under a protective aura, very slow
A: AC +1, large, see invisible, deformed body, poison resistance, slowness 2,
spit poison 1, naga tail 1
a: Spit Poison


You were on level 4 of the Dungeon.
You visited 1 branch of the dungeon, and saw 4 of its levels.

You collected 126 gold pieces.
You spent 22 gold pieces at shops.

Inventory:

Hand Weapons
 r - a +2 dagger of protection (weapon)
Missiles
 d - 7 boomerangs of dispersal (quivered)
 o - 6 javelins
 q - 2 silver boomerangs
Armour
 a - a +0 buckler (worn)
 b - a +0 plate armour (worn)
 f - a +0 pair of gloves (worn)
Jewellery
 j - a ring of magical power (left hand)
 p - a ring of willpower (right hand)
Scrolls
 c - 2 scrolls of blinking
 g - 2 scrolls of teleportation
 k - a scroll of amnesia {unknown}
 l - a scroll of enchant armour {unknown}
Potions
 e - 2 potions of haste
 h - a potion of lignification
 i - 5 potions of brilliance
 m - a potion of might {unknown}
 n - a potion of degeneration


   Skills:
 - Level 2.0 Fighting
 - Level 2.0 Polearms
 - Level 0.8 Throwing
 - Level 0.7 Armour
 - Level 1.5 Dodging
 * Level 4.0 Spellcasting
 * Level 4.9 Translocations


You had 10 spell levels left.
You knew the following spells:

 Your Spells              Type           Power      Damage    Failure   Level
a - Blink                 Tloc           34%        N/A       99%         2

Your spell library contained the following spells:

 Spells                   Type           Power      Damage    Failure   Level
 Lesser Beckoning         Tloc           34%        N/A       99%         2
 Teleport Other           Tloc           17%        N/A       100%        3
 Vhi's Electric Charge    Tloc/Air       20%        N/A       100%        3
 Manifold Assault         Tloc           17%        N/A       100%        4


Dungeon Overview and Level Annotations

Branches:
Dungeon (4/15)
 Temple: D:4-7

Altars:
Fedhas

Shops:
D:2 ?

Annotations:
D:4 Ijyb


Innate Abilities, Weirdness & Mutations

Your serpentine skin is tough. (AC +1)
You have supernaturally acute eyesight. (SInv)
Armour fits poorly on your strangely shaped body.
Your system is resistant to poisons. (rPois)
You cover ground very slowly.
You can spit poison.
You have a snake-like lower body.


Message History

Ijyb is moderately wounded.
You block Ijyb's attack.
You hit Ijyb.
Your weapon exudes an aura of protection.
Ijyb is moderately wounded.
Ijyb hits you but does no damage.
You completely miss Ijyb.
Ijyb is moderately wounded.
Ijyb zaps a wand.
Your mind is blasted!
You hit Ijyb.
Ijyb is heavily wounded.
Ijyb hits you but does no damage.
You hit Ijyb but do no damage.
Ijyb is heavily wounded.
You block Ijyb's attack.
You hit Ijyb.
Ijyb is heavily wounded.
You have got your breath back.
Ijyb hits you with a +0 club.
You hit Ijyb but do no damage.
Ijyb is heavily wounded.
You block Ijyb's attack.
You barely miss Ijyb.
Ijyb is heavily wounded.
Ijyb zaps a wand.
You easily resist.
You hit Ijyb but do no damage.
Ijyb is heavily wounded.
Ijyb zaps a wand.
Your mind is blasted!
* * * LOW HITPOINT WARNING * * *
You hit Ijyb but do no damage.
Ijyb is heavily wounded.
Ijyb zaps a wand.
Your mind is blasted!
* * * LOW HITPOINT WARNING * * *
You hit Ijyb.
Ijyb is severely wounded.
Ijyb zaps a wand.
You easily resist.
You hit Ijyb but do no damage.
Ijyb is severely wounded.
Ijyb zaps a wand.
Your mind is blasted!
You die...

.##...##.......#
..#...#....#....
...........##..≈≈
..........## ..≈#
..........# <..≈#
..........##...≈#
...#...........≈
...###.........≈
?..##.g@...###.≈
..........## .
......##..#
..#### ##..# #
#..# ##... ....
..... .....


You could see Ijyb.

Vanquished Creatures
  A hound (D:4)
  Jessica (D:2)
  3 orc wizards (D:3)
  An adder (D:3)
  2 worms (D:2)
  5 orcs (D:3)
  4 bats
  7 endoplasms
  2 giant cockroaches
  5 goblins
  7 hobgoblins
  3 jackals
  8 kobolds
  2 quokkas (D:3)
  A ball python (D:3)
  6 frilled lizards
  3 rats
61 creatures vanquished.

Notes
Turn   | Place    | Note
-------+----------+-------------------------------------------
     0 | D:1      | Citaku the Naga Warper began the quest for the Orb.
     0 | D:1      | Reached XP level 1. HP: 19/19 MP: 3/3
   345 | D:1      | Reached XP level 2. HP: 18/26 MP: 5/5
   491 | D:1      | Learned a level 2 spell: Blink
   926 | D:1      | Reached XP level 3. HP: 26/32 MP: 6/6
  1475 | D:2      | Found Qeacog's Magic Scroll Shop.
  1480 | D:2      | Bought a scroll of identify for 22 gold pieces
  1612 | D:2      | Found a faded altar of an unknown god.
  1980 | D:3      | Noticed Jessica
  1993 | D:2      | Killed Jessica
  1994 | D:2      | Reached XP level 4. HP: 36/39 MP: 8/8
  2334 | D:3      | Reached XP level 5. HP: 45/45 MP: 10/10
  2508 | D:3      | Found a blossoming altar of Fedhas.
  3048 | D:4      | Noticed Ijyb
  3069 | D:4      | Blown up by Ijyb

Illustrated notes

Levels and vault maps discovered:
D:1:      amcnicky_arrival_single_pillar, layout_loops_corners,
          minmay_pentomino_p4
D:2:      layout_loops_ring, basic_ecumenical_altar, serial_shops, shop,
          hangedman_glass_teeth
D:3:      layout_loops_ring, fedhas_altar_2, kennysheep_generic_room_8,
          uniq_jessica
D:4:      minmay_goblin_kobold_castle, layout_layer_cave,
          nicolae_overflow_two_pavilions, nicolae_yredelemnul_ghost_church,
          minmay_temple_entry_stoned_glass, uniq_ijyb

Skill      XL: |  1  2  3  4  5 |
---------------+----------------+-----
Spellcasting   | 3 4 |  4.0
Translocations | 4 |  4.9
Fighting       | |  2.0
Polearms       | |  2.0
Throwing       | |  0.8
Armour         | |  0.7
Dodging        | |  1.5

Action                     |  1- 3 |  4- 6 || total
---------------------------+-------+-------++-------
  Melee: Spear             |   130 |    59 ||   189
         Punch             |     2 |       ||     2
         Dagger            |       |    31 ||    31
Ability: Spit Poison       |    21 |    21 ||    42
    Use: Scroll            |     2 |     3 ||     5
   Stab: Sleeping          |     1 |       ||     1
 Armour: Leather armour    |    15 |       ||    15
         Plate armour      |    20 |    63 ||    83
         Ring mail         |     3 |       ||     3
  Dodge: Dodged            |    39 |     7 ||    46
  Block: Buckler           |       |     4 ||     4

Table legend: (Time is in decaauts)
 A = Elapsed time spent in this place.
 B = Non-inter-level travel time spent in this place.
 C = Inter-level travel time spent in this place.
 D = Time resting spent in this place.
 E = Time spent auto-exploring this place.
 F = Levels seen in this place.
 G = Mean time per level.
                   A        B        C        D        E       F      G
               +--------+--------+--------+--------+--------+-----+--------+
         Total |   3932 |   3879 |     53 |      0 |   2218 |   4 |  983.0 |
       Dungeon |   3932 |   3879 |     53 |      0 |   2218 |   4 |  983.0 |
               +--------+--------+--------+--------+--------+-----+--------+

Top non-repeatable levels by time:
     D:1: 1563 daAuts
     D:3: 1262 daAuts
     D:2: 1033 daAuts
     D:4: 73 daAuts
